 Dungeon Crawl Stone Soup version 0.21.1-1-g345015fe64 (webtiles) character file.

130 DildoBatman the Sneak (level 5, 0/41 HPs)
             Began as a Formicid Enchanter on Mar 19, 2018.
             Slain by an iguana (11 damage)
             ... on level 4 of the Dungeon.
             The game lasted 00:11:28 (4078 turns).

DildoBatman the Sneak (Formicid Enchanter)          Turns: 4078, Time: 00:11:29

Health: 0/41       AC:  6    Str: 14    XL:     5   Next: 36%
Magic:  4/8        EV: 11    Int: 14    God:
Gold:   75         SH:  4    Dex: 11    Spells: 4/8 levels left

rFire    . . .     SeeInvis +   a - +0 falchion
rCold    . . .     Gourm    .   t - +0 buckler
rNeg     . . .     Faith    .   q - +0 ring mail
rPois    .         Spirit   .   (helmet unavailable)
rElec    .         Reflect  .   (no cloak)
rCorr    .         Harm     .   (no gloves)
MR       .....                  e - +0 pair of boots
Stlth    ++........             (no amulet)
HPRegen  0.13/turn              (no ring)
MPRegen  0.11/turn              (no ring)

@: no status effects
A: permanent stasis, dig shafts and tunnels, four strong arms, antennae 3
a: Dig, Shaft Self


You were on level 4 of the Dungeon.
You were hungry.

You visited 1 branch of the dungeon, and saw 4 of its levels.

You collected 75 gold pieces.

Inventory:

Hand Weapons
 a - a +0 falchion (weapon)
 b - a +0 hunting sling
 c - a +1 dagger
Missiles
 d - 70 bolts
 f - 24 sling bullets
 g - 21 stones (quivered)
 o - 4 curare-tipped needles
Armour
 e - a +0 pair of boots (worn)
 q - a +0 ring mail (worn)
 t - a +0 buckler (worn)
Jewellery
 m - a cursed amulet of inaccuracy {unknown}
Scrolls
 i - a scroll of blinking {unknown}
 k - 4 scrolls of identify {unknown}
 l - a scroll of random uselessness {unknown}
 n - a scroll of teleportation {unknown}
 p - 2 scrolls of remove curse {unknown}
 x - a scroll of fear {unknown}
Potions
 h - a potion of heal wounds {unknown}
 j - 2 potions of curing {unknown}
 r - a potion of brilliance {unknown}
 s - 2 potions of agility {unknown}
Books
 u - a book of Maledictions

   Spells                             Type                      Level
   a - Corona                         Hexes                        1
   b - Ensorcelled Hibernation        Hexes/Ice                    2
   c - Confuse                        Hexes                        3
   d - Tukima's Dance                 Hexes                        3
   e - Dazzling Spray                 Conjuration/Hexes            3
Comestibles
 v - 4 rations


   Skills:
 - Level 3.0 Fighting
 - Level 1.0 Short Blades
 * Level 2.3 Armour
 - Level 2.0 Dodging
 - Level 4.0 Stealth
 * Level 2.4 Shields
 - Level 2.1 Spellcasting
 - Level 3.6 Hexes


You had 4 spell levels left.
You knew the following spells:

 Your Spells              Type           Power        Failure   Level  Hunger
a - Corona                Hex            ##.....      11%         1    #......
b - Confuse               Hex            ##......     30%         3    ###....


Dungeon Overview and Level Annotations

Branches:
Dungeon (4/15)
 Temple: D:4-7

Altars:
Hepliaklqana
Okawaru
Ru
Trog
Wu Jian

Annotations:
D:2 Robin
D:3 DildoBatman's ghost, amateur FoEn
D:4 exclusion: worker ant


Innate Abilities, Weirdness & Mutations

You cannot be hasted, slowed, berserked, paralysed or teleported.
You can dig through walls and to a lower floor.
Your four strong arms can wield two-handed weapons with a shield.
You have a pair of large antennae on your head. (SInv)


Message History

The iguana is heavily wounded.
The iguana closely misses you.
You riposte.
You hit the iguana but do no damage.
The iguana is heavily wounded.
You block the iguana's attack.
You hit the iguana.
The iguana is severely wounded.
The iguana bites you.
You hit the iguana.
The iguana is severely wounded.
The iguana bites you.
You hit the iguana but do no damage.
The iguana is severely wounded.
The iguana bites you.
You barely miss the iguana.
The iguana is severely wounded.
The iguana closely misses you. The iguana bites you!
You die...

#.####....))[.###
#..#
#......######...#
#... ######.# #...#
#... ####....#
##...###l..
#.......#
#.)...{{...
###.......#
#....####..
#.........# #....# .
#.#.......#####.####
#.......@...##...#
#.......l...##.#.#
#............._..#
#............#.###
##.............#
#..........####
#..........#
#..........#
#..........#


You could see an iguana.

Vanquished Creatures
  A centaur skeleton (D:4)
  2 adders
  3 worms
  2 leopard geckos
  9 orcs
  2 ball pythons (D:2)
  3 giant cockroaches
  17 goblins
  3 hobgoblins
  3 kobolds (D:1)
  7 bats
  2 frilled lizards (D:1)
  8 rats
62 creatures vanquished.

Notes
Turn   | Place    | Note
-------+----------+-------------------------------------------
     0 | D:1      | DildoBatman the Formicid Enchanter began the quest for the Orb.
     0 | D:1      | Reached XP level 1. HP: 13/13 MP: 3/3
   218 | D:1      | Reached skill level 1 in Fighting
   383 | D:1      | Reached XP level 2. HP: 14/21 MP: 5/5
  1200 | D:1      | You fall through a shaft!
  1227 | D:2      | Reached XP level 3. HP: 27/28 MP: 3/6
  1232 | D:2      | Learned a level 3 spell: Confuse
  1602 | D:2      | Found an ornate altar of the Wu Jian Council.
  1612 | D:2      | Noticed Robin
  2231 | D:2      | Reached XP level 4. HP: 21/35 MP: 2/7
  2762 | D:2      | Reached skill level 1 in Armour
  2762 | D:2      | Reached skill level 1 in Shields
  2871 | D:2      | Reached skill level 4 in Stealth
  3158 | D:3      | Noticed DildoBatman's ghost (amateur FoEn)
  3421 | D:4      | Reached XP level 5. HP: 32/41 MP: 6/8
  3438 | D:4      | Found a faded altar of an unknown god.
  3438 | D:4      | Found a faded altar of an unknown god.
  3443 | D:4      | Found an iron altar of Okawaru.
  3445 | D:4      | Found a bloodstained altar of Trog.
  3446 | D:4      | Found a hazy altar of Hepliaklqana.
  3492 | D:4      | Found a sacrificial altar of Ru.
  4078 | D:4      | Slain by an iguana

Skill      XL: |  1  2  3  4 |
---------------+-------------+-----
Fighting       | 1 2 3 |  3.0
Dodging        | 2 |  2.0
Armour         | 2 |  2.3
Shields        | 2 |  2.4
Stealth        | 4 |  4.0
Short Blades   | |  1.0
Spellcasting   | |  2.1
Hexes          | |  3.6

Action                   |  1- 3 |  4- 6 || total
-------------------------+-------+-------++-------
Melee: Dagger            |   142 |    47 ||   189
       Falchion          |       |    66 ||    66
 Fire: Hunting sling     |       |    38 ||    38
Throw: Stone             |     2 |       ||     2
 Cast: Corona            |    20 |    19 ||    39
       Confuse           |     4 |     3 ||     7
 Abil: Dig               |     8 |     9 ||    17
 Stab: Sleeping          |     5 |       ||     5
       Confused          |       |     1 ||     1
  Eat: Chunk             |     5 |     8 ||    13
Armor: Robe              |    26 |       ||    26
       Ring mail         |    23 |    37 ||    60
Dodge: Dodged            |   113 |   107 ||   220
Block: Buckler           |       |     8 ||     8
       Rpst.: Falchion   |       |    21 ||    21
